DRAKE
CARACAS STING @ CAYMAN ISLANDERS
06/09/2058
 
TOP OF THE 1ST
Caracas Sting batting - Pitching for Cayman Islanders : RHP Rafael Cedeño
Pitching: RHP Rafael Cedeño
Batting: RHB Jesús Ariel 0-0: Ball
1-0: Ball
2-0: Fly out, F8 (Line Drive, 8LD, EV 101.3 MPH)
Batting: RHB Carlos Delgado 0-0: Called Strike
0-1: Foul Ball, location: 2F
0-2: Foul Ball, location: 3F
0-2: Foul Ball, location: 9LSF
0-2: Ground out 4-3 (Groundball, 4, EV 88.1 MPH)
Batting: LHB Ralph Vaden 0-0: Ball
1-0: Ball
2-0: Ball
3-0: Base on Balls
Batting: RHB António Moreno 0-0: Swinging Strike
0-1: Called Strike
0-2: Foul Ball, location: 2F
0-2: Foul Ball, location: 3F
0-2: Strikes out swinging
Top of the 1st over - 0 runs, 0 hits, 0 errors, 1 left on base; Caracas 0 - Cayman 0
BOTTOM OF THE 1ST
Cayman Islanders batting - Pitching for Caracas Sting : RHP Ramón Delgado
Pitching: RHP Ramón Delgado
Batting: RHB James Darvell 0-0: Fly out, F8 (Flyball, 8RD, EV 102.5 MPH)
Batting: RHB Zakiy Shadi 0-0: Fly out, F9 (Line Drive, 9, EV 83.8 MPH)
Batting: RHB Tadanobu Otani 0-0: Ground out 6-3 (Groundball, 6, EV 93.8 MPH)
Bottom of the 1st over - 0 runs, 0 hits, 0 errors, 0 left on base; Caracas 0 - Cayman 0
TOP OF THE 2ND
Caracas Sting batting - Pitching for Cayman Islanders : RHP Rafael Cedeño
Batting: RHB Mike Forbes 0-0: Ball
1-0: Ball
2-0: Ball
3-0: Base on Balls
Batting: SHB Stan Williams 0-0: Called Strike
0-1: Swinging Strike
0-2: Ball
1-2: Foul Ball, location: 25FF
1-2: Ball
2-2: Foul Ball, location: 2F
2-2: Ball
3-2: Strikes out swinging
Batting: LHB Andrés Garza 0-0: Called Strike
0-1: Called Strike
0-2: Ball
1-2: Ball
2-2: Strikes out swinging
Batting: RHB Lorenzo Burgess 0-0: Ball
1-0: Foul Ball, location: 9LMF
1-1: Ground out 6-3 (Groundball, 6S, EV 88.1 MPH)
Top of the 2nd over - 0 runs, 0 hits, 0 errors, 1 left on base; Caracas 0 - Cayman 0
BOTTOM OF THE 2ND
Cayman Islanders batting - Pitching for Caracas Sting : RHP Ramón Delgado
Batting: LHB Ramón Rodríguez 0-0: Ball
1-0: Called Strike
1-1: Ball
2-1: Foul Ball, location: 2LF
2-2: Strikes out swinging
Batting: RHB Atif bin Ubaid 0-0: Ground out 1-3 (Groundball, 13S, EV 68.8 MPH)
Batting: LHB John Mellor 0-0: Called Strike
0-1: Ball
1-1: Called Strike
1-2: Ground out 1-3 (Groundball, 13S, EV 70.0 MPH)
Bottom of the 2nd over - 0 runs, 0 hits, 0 errors, 0 left on base; Caracas 0 - Cayman 0
TOP OF THE 3RD
Caracas Sting batting - Pitching for Cayman Islanders : RHP Rafael Cedeño
Batting: RHB Clive Ablett 0-0: Called Strike
0-1: Called Strike
0-2: Foul Ball, location: 9LSF
0-2: Ball
1-2: Ground out U3 (Groundball, 3L, EV 90.6 MPH)
Batting: RHB Jesús Ariel 0-0: SINGLE (Line Drive, 3D, EV 60.0 MPH)
Batting: RHB Carlos Delgado 0-0: Foul Ball, location: 2F
0-1: Ball
1-1: Foul Ball, location: 2F
1-2: Ball
2-2: SINGLE (Groundball, 6MD, EV 99.4 MPH)
Jesús Ariel to second
Batting: LHB Ralph Vaden 0-0: Foul Ball, location: 23FF
0-1: Ball
1-1: Ball
2-1: Called Strike
2-2: Grounds into double play, 3-6-3 (Groundball, 34, EV 100.6 MPH)
Top of the 3rd over - 0 runs, 2 hits, 0 errors, 1 left on base; Caracas 0 - Cayman 0
BOTTOM OF THE 3RD
Cayman Islanders batting - Pitching for Caracas Sting : RHP Ramón Delgado
Batting: RHB José Aguilar 0-0: Called Strike
0-1: Ball
1-1: Called Strike
1-2: Ball
2-2: Ball
3-2: Foul Ball, location: 25F
3-2: Foul Ball, location: 2F
3-2: SINGLE (Groundball, 34D, EV 101.3 MPH)
Batting: LHB Serguei Gaiduchik 0-0: SINGLE (Line Drive, 6MD, EV 101.3 MPH)
José Aguilar to second
Batting: SHB Nicolai Pletnikov 0-0: Sac Bunt to 13S - play at first, batter OUT! 1-3
José Aguilar to third
Serguei Gaiduchik to second
Batting: RHB James Darvell 0-0: Ball
1-0: Foul Ball, location: 3SF
1-1: Called Strike
1-2: Strikes out swinging
Batting: RHB Zakiy Shadi 0-0: Ball
1-0: Ball
2-0: SINGLE (Line Drive, 78S, EV 91.3 MPH)
José Aguilar scores
Serguei Gaiduchik to third
Runner from 3rd tries for Home, SAFE, throw by CF to home
Batting: RHB Tadanobu Otani 0-0: Ball
Zakiy Shadi is caught stealing 2nd base 2-4
Bottom of the 3rd over - 2 runs, 3 hits, 0 errors, 0 left on base; Caracas 0 - Cayman 2
TOP OF THE 4TH
Caracas Sting batting - Pitching for Cayman Islanders : RHP Rafael Cedeño
Batting: RHB António Moreno 0-0: SINGLE (Line Drive, 89S, EV 100.0 MPH)
Batting: RHB Mike Forbes 0-0: Ball
1-0: Called Strike
1-1: Foul Ball, location: 2F
1-2: Ball
2-2: Grounds into double play, 5-4-3 (Groundball, 56S, EV 86.3 MPH)
Batting: SHB Stan Williams 0-0: Ball
1-0: SINGLE (Line Drive, 34D, EV 106.9 MPH)
Batting: LHB Andrés Garza 0-0: Fly out, F7 (Flyball, 7LS, EV 86.9 MPH)
Top of the 4th over - 0 runs, 2 hits, 0 errors, 1 left on base; Caracas 0 - Cayman 2
BOTTOM OF THE 4TH
Cayman Islanders batting - Pitching for Caracas Sting : RHP Ramón Delgado
Batting: RHB Tadanobu Otani 0-0: Ball
1-0: Foul Ball, location: 5F
1-1: Ground out 4-3 (Groundball, 4M, EV 100.0 MPH)
Batting: LHB Ramón Rodríguez 0-0: Foul Ball, location: 2F
0-1: Foul Ball, location: 2F
0-2: SOLO HOME RUN (Flyball, 7LD, EV 95.6 MPH), Distance : 344 ft
Batting: RHB Atif bin Ubaid 0-0: Ball
1-0: Ball
2-0: SINGLE (Groundball, 4MD, EV 108.8 MPH)
Batting: LHB John Mellor 0-0: Ball
1-0: Ball
2-0: Called Strike
2-1: Ball
3-1: Base on Balls
Atif bin Ubaid to second
Batting: RHB José Aguilar 0-0: Foul Ball, location: 5DF
0-1: Ball
1-1: Swinging Strike
1-2: SINGLE (Line Drive, 89M, EV 93.8 MPH)
Atif bin Ubaid to third
John Mellor to second
Batting: LHB Serguei Gaiduchik 0-0: Ball
1-0: Foul Ball, location: 2F
1-1: Called Strike
1-2: Foul Ball, location: 2F
1-2: Foul Ball, location: 2F
1-2: Ball
2-2: Strikes out looking
Batting: SHB Nicolai Pletnikov 0-0: Swinging Strike
0-1: Swinging Strike
0-2: Ball
1-2: Ball
2-2: Foul Ball, location: 5DF
2-2: Fly out, F6 (Line Drive, 6M, EV 70.6 MPH)
Bottom of the 4th over - 1 run, 3 hits, 0 errors, 3 left on base; Caracas 0 - Cayman 3
TOP OF THE 5TH
Caracas Sting batting - Pitching for Cayman Islanders : RHP Rafael Cedeño
Batting: RHB Lorenzo Burgess 0-0: Foul Ball, location: 2F
0-1: Ball
1-1: Swinging Strike
1-2: SINGLE (Groundball, 4MD, EV 97.5 MPH)
Batting: RHB Clive Ablett 0-0: Ball
1-0: Sac Bunt to 13 - play at first, batter OUT! 1-3
Lorenzo Burgess to second
Batting: RHB Jesús Ariel 0-0: Ball
1-0: Called Strike
1-1: Swinging Strike
1-2: DOUBLE (Line Drive, 9LS, EV 93.8 MPH)
Lorenzo Burgess scores
Batting: RHB Carlos Delgado 0-0: SINGLE (Groundball, P, EV 91.3 MPH) (infield hit)
Jesús Ariel to third
Batting: LHB Ralph Vaden 0-0: SINGLE (Groundball, 34S, EV 71.9 MPH) (infield hit)
Carlos Delgado to second
Batting: RHB António Moreno 0-0: Called Strike
0-1: Ball
1-1: Ball
2-1: Called Strike
2-2: Grounds into fielders choice 6-2 (Groundball, 4MD, EV 103.8 MPH)
Carlos Delgado to third
Ralph Vaden to second
Batting: RHB Mike Forbes 0-0: Fly out, F8 (Flyball, 89D, EV 96.3 MPH)
Top of the 5th over - 1 run, 4 hits, 0 errors, 3 left on base; Caracas 1 - Cayman 3
BOTTOM OF THE 5TH
Cayman Islanders batting - Pitching for Caracas Sting : RHP Ramón Delgado
Batting: RHB James Darvell 0-0: Ball
1-0: Fly out, F8 (Flyball, 8LD, EV 110.0 MPH)
Batting: RHB Zakiy Shadi 0-0: Ball
1-0: SINGLE (Groundball, 34D, EV 103.8 MPH)
Batting: RHB Tadanobu Otani 0-0: Called Strike
Zakiy Shadi steals 2nd base
0-1: Fly out, F9 (Line Drive, 89M, EV 86.9 MPH)
Batting: LHB Ramón Rodríguez 0-0: Called Strike
0-1: Fly out, F8 (Flyball, 8LS, EV 93.1 MPH)
Bottom of the 5th over - 0 runs, 1 hit, 0 errors, 1 left on base; Caracas 1 - Cayman 3
TOP OF THE 6TH
Caracas Sting batting - Pitching for Cayman Islanders : RHP Rafael Cedeño
Batting: SHB Stan Williams 0-0: Swinging Strike
0-1: Ball
1-1: Fly out, F9 (Flyball, 89S, EV 96.9 MPH)
Batting: LHB Andrés Garza 0-0: Ball
1-0: Called Strike
1-1: Foul Ball, location: 7LDF
1-2: SINGLE (Line Drive, 6D, EV 97.5 MPH)
Batting: RHB Lorenzo Burgess 0-0: Called Strike
0-1: Ball
1-1: Ball
2-1: SINGLE (Groundball, 6MD, EV 110.6 MPH)
Andrés Garza to second
Pinch Runner at 2nd Matt Stoner:
Batting: RHB Clive Ablett 0-0: Foul Ball, location: 7LDF
0-1: SINGLE (Groundball, 4MD, EV 98.1 MPH)
Matt Stoner to third
Lorenzo Burgess to second
Batting: RHB Jesús Ariel 0-0: SINGLE (Groundball, 6MD, EV 97.5 MPH)
Matt Stoner scores
Lorenzo Burgess to third
Clive Ablett to second
Runner from 3rd tries for Home, throw by CF and OUT! 8-2
Clive Ablett to third
Jesús Ariel to second
Batting: RHB Carlos Delgado 0-0: Foul Ball, location: 2F
0-1: Foul Ball, location: 3SF
0-2: Ball
1-2: Ball
2-2: SINGLE (Line Drive, 34, EV 109.4 MPH)
Clive Ablett scores
Jesús Ariel to third
Runner from 3rd tries for Home, throw by RF and OUT! 9-2
Top of the 6th over - 2 runs, 5 hits, 0 errors, 1 left on base; Caracas 3 - Cayman 3
BOTTOM OF THE 6TH
Cayman Islanders batting - Pitching for Caracas Sting : RHP Ramón Delgado
Pitching: RHP Joe Eaton
Batting: RHB Atif bin Ubaid 0-0: Called Strike
0-1: Fly out, F9 (Line Drive, 89S, EV 100.6 MPH)
Batting: LHB John Mellor 0-0: Fly out, F8 (Flyball, 8RS, EV 90.0 MPH)
Batting: RHB José Aguilar 0-0: Foul Ball, location: 23F
0-1: Ball
1-1: DOUBLE (Line Drive, 5D, EV 94.4 MPH)
Batting: LHB Serguei Gaiduchik 0-0: Foul Ball, location: 2F
0-1: SINGLE (Groundball, 34S, EV 83.1 MPH)
José Aguilar to third
Runner from 3rd tries for Home, SAFE, throw by RF to home
Batting: SHB Nicolai Pletnikov 0-0: Called Strike
0-1: Called Strike
0-2: Foul Ball, location: 5F
0-2: Fly out, F9 (Flyball, 89M, EV 91.9 MPH)
Bottom of the 6th over - 1 run, 2 hits, 0 errors, 1 left on base; Caracas 3 - Cayman 4
TOP OF THE 7TH
Caracas Sting batting - Pitching for Cayman Islanders : RHP Rafael Cedeño
Batting: LHB Ralph Vaden 0-0: Ball
1-0: Called Strike
1-1: Swinging Strike
1-2: DOUBLE (Line Drive, 89D, EV 102.5 MPH)
Pitching: LHP Trevor Lawrence
Batting: RHB António Moreno 0-0: Ball
1-0: Foul Ball, location: 2F
1-1: Ball
2-1: Foul Ball, location: 3DF
2-2: Ball
3-2: Base on Balls
Batting: RHB Mike Forbes 0-0: Called Strike
0-1: DOUBLE (Line Drive, 3D, EV 99.4 MPH)
Ralph Vaden scores
António Moreno to third
Batting: SHB Stan Williams 0-0: Intentional Walk
Batting: LHB Platon Tekosis 0-0: Foul Ball, location: 7LSF
0-1: Called Strike
0-2: Foul Ball, location: 5SF
0-2: Strikes out looking
Batting: RHB Lorenzo Burgess 0-0: Called Strike
0-1: Called Strike
0-2: Ball
1-2: Strikes out looking
Pinch Hitting: RHB António Matos 0-0: Foul Ball, location: 2F
0-1: Ball
Wild Pitch!
António Moreno scores
Mike Forbes to third
Stan Williams to second
1-1: Fly out, F7 (Flyball, 7, EV 93.1 MPH)
Top of the 7th over - 2 runs, 2 hits, 0 errors, 2 left on base; Caracas 5 - Cayman 4
BOTTOM OF THE 7TH
Cayman Islanders batting - Pitching for Caracas Sting : RHP Joe Eaton
Now at 1B: Nate LaVergne
Now in LF: Jesús Alicea
Batting: RHB James Darvell 0-0: Called Strike
0-1: Ball
1-1: Ball
2-1: Swinging Strike
2-2: Ball
3-2: Foul Ball, location: 2F
3-2: Base on Balls
Batting: RHB Zakiy Shadi 0-0: Sac Bunt to 13S - play at first, batter OUT! 1-3
James Darvell to second
Batting: RHB Tadanobu Otani 0-0: Ball
1-0: SINGLE (Line Drive, 6D, EV 99.4 MPH)
James Darvell to third
Runner from 3rd tries for Home, SAFE, throw by LF to home
Batting: LHB Ramón Rodríguez 0-0: Ball
1-0: Called Strike
1-1: Ball
2-1: Fly out, F8 (Line Drive, 8LD, EV 95.0 MPH)
Pinch Hitting: LHB Florentin Bobescu 0-0: Ball
1-0: Ball
2-0: Called Strike
2-1: Ball
3-1: Base on Balls
Tadanobu Otani to second
Batting: LHB John Mellor 0-0: Ball
1-0: Ball
2-0: Foul Ball, location: 23F
2-1: Ball
3-1: Foul Ball, location: 2F
3-2: Foul Ball, location: 5F
3-2: Base on Balls
Tadanobu Otani to third
Florentin Bobescu to second
Batting: RHB José Aguilar 0-0: Ball
1-0: Ball
2-0: Ground out 4-3 (Groundball, 4, EV 99.4 MPH)
Bottom of the 7th over - 1 run, 1 hit, 0 errors, 3 left on base; Caracas 5 - Cayman 5
TOP OF THE 8TH
Caracas Sting batting - Pitching for Cayman Islanders : LHP Trevor Lawrence
Now at 2B: James Darvell
Now at SS: Luis Rico
Batting: RHB Jesús Ariel 0-0: Called Strike
0-1: Ball
1-1: Ball
2-1: Ball
3-1: Foul Ball, location: 3F
3-2: Strikes out swinging
Batting: RHB Carlos Delgado 0-0: Called Strike
0-1: Fly out, F8 (Flyball, 8RD, EV 101.9 MPH)
Pinch Hitting: RHB Juan García 0-0: Ball
1-0: Foul Ball, location: 2F
1-1: Ball
2-1: Swinging Strike
2-2: Ground out 4-3 (Groundball, 34, EV 86.9 MPH)
Top of the 8th over - 0 runs, 0 hits, 0 errors, 0 left on base; Caracas 5 - Cayman 5
BOTTOM OF THE 8TH
Cayman Islanders batting - Pitching for Caracas Sting : RHP Joe Eaton
Pitching: RHP Carlos Blais
Now in CF: David Hurtado
Batting: LHB Serguei Gaiduchik 0-0: Swinging Strike
0-1: Foul Ball, location: 7LSF
0-2: Ball
1-2: Ball
2-2: Strikes out swinging
Batting: SHB Nicolai Pletnikov 0-0: Ball
1-0: Swinging Strike
1-1: Foul Ball, location: 7LMF
1-2: Ball
2-2: Ball
3-2: Strikes out swinging
Batting: RHB James Darvell 0-0: Ball
1-0: Swinging Strike
1-1: SINGLE (Line Drive, 7S, EV 106.3 MPH)
Batting: RHB Zakiy Shadi 0-0: Ball
James Darvell steals 2nd base
1-0: Fly out, F9 (Flyball, 89S, EV 89.4 MPH)
Bottom of the 8th over - 0 runs, 1 hit, 0 errors, 1 left on base; Caracas 5 - Cayman 5
TOP OF THE 9TH
Caracas Sting batting - Pitching for Cayman Islanders : LHP Trevor Lawrence
Batting: RHB António Moreno 0-0: Called Strike
0-1: Foul Ball, location: 2F
0-2: Ball
1-2: Strikes out swinging
Batting: RHB Mike Forbes 0-0: Ball
1-0: Ball
2-0: Foul Ball, location: 25F
2-1: Foul Ball, location: 9LDF
2-2: SINGLE (Line Drive, 6M, EV 106.3 MPH)
Batting: RHB Nate LaVergne 0-0: Ball
1-0: Called Strike
1-1: DOUBLE (Flyball, 89D, EV 89.4 MPH)
Mike Forbes to third
Batting: SHB Ke-huy Lum 0-0: Called Strike
0-1: Ball
1-1: Fly out, F8 (Line Drive, 8LD, EV 86.3 MPH)
Runner from 3rd tags up, SCORES, throw by CF
Nate LaVergne to third
Pitching: RHP Ramón Ontiveros
Batting: RHB Lorenzo Burgess 0-0: Ball
1-0: Ball
2-0: Ball
3-0: Foul Ball, location: 9LSFF
3-1: Ground out 5-3 (Groundball, 56, EV 82.5 MPH)
Top of the 9th over - 1 run, 2 hits, 0 errors, 1 left on base; Caracas 6 - Cayman 5
BOTTOM OF THE 9TH
Cayman Islanders batting - Pitching for Caracas Sting : RHP Carlos Blais
Pitching: RHP Alexi Laiho
Batting: RHB Tadanobu Otani 0-0: Swinging Strike
0-1: Called Strike
0-2: Foul Ball, location: 2F
0-2: Ball
1-2: Foul Ball, location: 5FF
1-2: Strikes out swinging
Batting: LHB Ramón Rodríguez 0-0: Swinging Strike
0-1: Ball
1-1: Ground out 4-3 (Groundball, 34, EV 102.5 MPH)
Batting: RHB Luis Rico 0-0: Swinging Strike
0-1: Ball
1-1: Foul Ball, location: 5FF
1-2: Strikes out swinging
Bottom of the 9th over - 0 runs, 0 hits, 0 errors, 0 left on base; Caracas 6 - Cayman 5
Friday, March 1st , 2024 - OOTP Baseball 24.9 Build 78